 Dungeon Crawl Stone Soup version 0.21-a0-51-gea492e9 (webtiles) character file.

21898 rgnthm the Quickloader (level 12, -2/102 HPs)
             Began as a Demonspawn Hunter on June 12, 2017.
             Was a High Priest of Okawaru.
             Slain by Snorg (18 damage)
             ... on level 1 of the Orcish Mines.
             The game lasted 00:28:13 (16305 turns).

rgnthm the Quickloader (Demonspawn Hunter)         Turns: 16305, Time: 00:28:14

Health: -2/102     AC: 29    Str: 20    XL:     12   Next: 58%
Magic:  18/18      EV: 11    Int: 18    God:    Okawaru [*****.]
Gold:   167        SH:  0    Dex: 17    Spells: 11/11 levels left

rFire    + . .     SeeInvis +   M - +5 hand crossbow (velocity)
rCold    . . .     Gourm    .   (no shield)
rNeg     . . .     Faith    .   c - +5 plate armour of Rationality {rCorr Str+2 Int+6 Dex+3}
rPois    +         Spirit   .   (helmet unavailable)
rElec    .         Reflect  .   L - +2 cloak
rCorr    +         Harm     .   (no gloves)
MR       .....                  g - +1 pair of boots
Stlth    ..........             (no amulet)
Regen    0.3/turn               x - ring of protection from fire
MPRegen  0.2/turn               i - ring of poison resistance

@: heroism, very slightly contaminated, drained
A: antennae 3, rugged brown scales 3, camouflage 1, mutation resistance 1
a: Heroism, Finesse, Renounce Religion


You were on level 1 of the Orcish Mines.
You worshipped Okawaru.
Okawaru was extremely pleased with you.
You were very hungry.

You visited 3 branches of the dungeon, and saw 14 of its levels.

You collected 617 gold pieces.
You spent 450 gold pieces at shops.

Inventory:

Hand Weapons
 o - a +4 quarterstaff of chaos
 M - a +5 hand crossbow of velocity (weapon)
Missiles
 d - 62 bolts (quivered)
Armour
 c - the +5 plate armour of Rationality (worn) {rCorr Str+2 Int+6 Dex+3}
   (You found it on level 9 of the Dungeon)

   It affects your strength (+2).
   It affects your intelligence (+6).
   It affects your dexterity (+3).
   It protects you from acid and corrosion.
 g - a +1 pair of boots (worn)
 H - a +0 chain mail of cold resistance
 L - a +2 cloak (worn)
Jewellery
 i - a ring of poison resistance (right hand)
 q - an uncursed ring of protection from cold
 x - a ring of protection from fire (left hand)
 F - a +2 ring of strength
Wands
 e - a wand of iceblast (7/15)
 j - a wand of polymorph (12/24)
 l - a wand of paralysis (11/24)
 u - a wand of iceblast (11/15)
 v - a wand of random effects (22/48)
 C - a wand of flame (36/48)
 I - a wand of flame (18/48)
 J - a wand of random effects (29/48)
Scrolls
 h - 3 scrolls of teleportation
 m - a scroll of vulnerability
 n - 6 scrolls of remove curse
 p - 3 scrolls of identify
 t - a scroll of amnesia
 y - a scroll of enchant armour
 E - a scroll of summoning {unknown}
 G - a scroll of fear
Potions
 a - a potion of flight
 b - a potion of heal wounds
 k - 6 potions of curing
 w - 3 potions of haste
 B - a potion of might
 D - a potion of brilliance
Books
 K - a book of Callings

   Spells                             Type                      Level
   a - Summon Small Mammal            Summoning                    1
   b - Call Imp                       Summoning                    2
   c - Call Canine Familiar           Summoning                    3
   d - Summon Guardian Golem          Hexes/Summoning              3
   e - Summon Lightning Spire         Summoning/Air                4
   f - Summon Ice Beast               Ice/Summoning                4
Comestibles
 f - 4 bread rations
 s - 16 royal jellies
 z - 7 meat rations
 A - 5 fruits


   Skills:
 + Level 9.5(13.7) Fighting
 - Level 5.2(9.5) Staves
 * Level 13.3(17.5) Crossbows
 + Level 7.9(12.1) Armour
 + Level 3.6(8.0) Dodging
 - Level 0.8(5.2) Stealth
 * Level 8.3(7.6) Invocations


You had 11 spell levels left.
You didn't know any spells.

Dungeon Overview and Level Annotations

Branches:
Dungeon (12/15)            Temple (1/1) D:6            Lair (0/6) D:9
    Orc (1/2) D:12

Altars:
Ashenzari
Cheibriados
Dithmenos
Elyvilon
Fedhas
Gozag
Hepliaklqana
Kikubaaqudgha
Nemelex Xobeh
Okawaru
Qazlal
Ru
Sif Muna
Trog
Vehumet
Wu Jian
Xom
Yredelemnul
Zin

Shops:
D:4 (

Annotations:
Orc:1 Snorg


Innate Abilities, Weirdness & Mutations

You have a pair of large antennae on your head. (SInv)
You are completely covered in rugged brown scales. (AC +3, +7% HP)
Your skin changes colour to match your surroundings (Stealth+).
You are somewhat resistant to further mutation.


Message History

Aim: Snorg (severely wounded, berserk, fast, unusually strong)
You shoot a bolt. The bolt hits Snorg!
Snorg is almost dead.
Snorg barely misses you. Snorg claws you.
* * * LOW HITPOINT WARNING * * *
Snorg claws you but does no damage.
An orc warrior comes into view. It is wielding a hand axe.
Firing (i - inventory):
d - 64 bolts (quivered)
Press: ? - help, Shift-Dir - straight line, f/p - Snorg
Aim: Snorg (almost dead, berserk, fast, unusually strong)
You shoot a bolt. The bolt barely misses Snorg.
Snorg misses you. Snorg barely misses you. Snorg claws you but does no damage.
Firing (i - inventory):
d - 63 bolts (quivered)
Press: ? - help, Shift-Dir - straight line, f/p - Snorg
Aim: Snorg (almost dead, berserk, fast, unusually strong)
You shoot a bolt. The bolt hits Snorg.
Snorg is almost dead.
Snorg closely misses you. Snorg claws you but does no damage.
Snorg barely misses you. The orc misses you. Snorg bites you!!
You die...

#..............###
#............#.#..###
##.......#...#......##
##....##............#
#....# ##.......#..
#....# ##......##
##... ##......## ###.
#.......# #...@T((####
##...o.(##.##
##.o.......#
#........(.#
##....#.(......#
..#...#o...#.$#.
.................
............#.##..
..$..........# .


You could see Snorg (berserk), an orc warrior and 2 orcs.

Vanquished Creatures
  2 hydras
  A centaur warrior (D:11)
  A two-headed ogre (D:12)
  3 death yaks (D:9)
  Sonja (D:12)
  Pikel (D:8)
  2 ugly things
  The ghost of WildSam the Slasher, a novice DsMo of Fedhas (D:7)
  A cyclops (D:12)
  Joseph (D:7)
  Psyche (D:8)
  Maurice (D:11)
  A gargoyle (D:12)
  3 kobold demonologists (D:12)
  7 trolls
  6 slime creatures
  2 hornets
  3 hippogriffs
  A shadow (D:11)
  7 yaks
  A vampire (D:12)
  2 wraiths (D:12)
  2 wyverns
  2 acid dragons (D:11)
  A soldier ant (D:11)
  A water moccasin (D:8)
  7 orc warriors
  3 slaves (D:8)
  3 sky beasts
  A black bear (D:9)
  4 ice beasts
  A necrophage (D:9)
  5 ogres
  A tengu (shapeshifter) (D:5)
  15 centaurs
  2 big kobolds
  2 bullfrogs
  A wyvern zombie (D:11)
  4 scorpions
  6 killer bees
  6 wights
  2 bullfrog zombies
  A centaur zombie (D:12)
  4 crimson imps
  A quasit (D:7)
  6 hounds
  An iron imp (D:9)
  13 orc priests
  A bullfrog skeleton (D:7)
  2 centaur skeletons (D:10)
  6 jellies
  Crazy Yiuf (D:2)
  14 orc wizards
  3 iguanas
  16 worker ants
  A hound zombie (D:6)
  4 worker ant zombies
  Robin (D:3)
  11 adders
  6 gnolls
  A howler monkey skeleton (D:6)
  2 shadow imps (D:5)
  5 oozes (D:11)
  A worm (D:2)
  2 dart slugs
  6 leopard geckos
  62 orcs
  8 giant cockroaches
  12 goblins
  8 hobgoblins
  4 jackals (D:1)
  4 quokkas
  10 bats
  3 frilled lizards (D:4)
  9 kobolds
  2 quokka skeletons
  9 rats
358 creatures vanquished.

Vanquished Creatures (others)
  A crimson imp (D:3)
1 creature vanquished.

Grand Total: 359 creatures vanquished

Notes
Turn   | Place    | Note
-------+----------+-------------------------------------------
     0 | D:1      | rgnthm the Demonspawn Hunter began the quest for the Orb.
     0 | D:1      | Reached XP level 1. HP: 16/16 MP: 1/1
    32 | D:1      | Found a shattered altar of Ashenzari.
   164 | D:1      | Reached skill level 4 in Crossbows
   164 | D:1      | Gained mutation: You are partially covered in rugged brown scales. (AC +1, +3% HP) [demonic ancestry]
   164 | D:1      | Reached XP level 2. HP: 15/22 MP: 2/2
   739 | D:2      | Gained mutation: You have a pair of small antennae on your head. [demonic ancestry]
   739 | D:2      | Reached XP level 3. HP: 27/27 MP: 3/3
   993 | D:2      | Found a runed door.
  1441 | D:2      | Noticed Crazy Yiuf
  1447 | D:2      | Killed Crazy Yiuf
  1447 | D:2      | Reached skill level 5 in Crossbows
  1447 | D:2      | Reached XP level 4. HP: 26/33 MP: 4/4
  1734 | D:3      | Found a basalt altar of Yredelemnul.
  1806 | D:3      | Noticed Robin
  1807 | D:3      | Reached skill level 1 in Armour
  1819 | D:3      | Killed Robin
  2248 | D:3      | Found a shimmering altar of Xom.
  2286 | D:3      | Gained mutation: You are mostly covered in rugged brown scales. (AC +2, +5% HP) [demonic ancestry]
  2286 | D:3      | Reached XP level 5. HP: 28/39 MP: 5/5
  2387 | D:3      | Reached skill level 6 in Crossbows
  2540 | D:4      | Gained mutation: You have a pair of antennae on your head. [demonic ancestry]
  2540 | D:4      | Reached XP level 6. HP: 46/46 MP: 6/6
  3021 | D:4      | Found a stormy altar of Qazlal.
  3174 | D:4      | Found Siqioj's Weapon Boutique.
  3247 | D:5      | Entered Level 5 of the Dungeon
  3286 | D:5      | Gained mutation: Your skin changes colour to match your surroundings (Stealth+). [potion of mutation]
  3286 | D:5      | Gained mutation: You are somewhat resistant to further mutation. [potion of mutation]
  3288 | D:5      | Reached skill level 1 in Staves
  3689 | D:5      | Reached XP level 7. HP: 19/53 MP: 7/7
  5379 | D:6      | Found a staircase to the Ecumenical Temple.
  5425 | D:6      | Reached skill level 7 in Crossbows
  5448 | Temple   | Entered the Ecumenical Temple
  5452 | Temple   | Became a worshipper of Warmaster Okawaru
  5567 | D:6      | Gained mutation: You are completely covered in rugged brown scales. (AC +3, +7% HP) [demonic ancestry]
  5567 | D:6      | Reached XP level 8. HP: 31/60 MP: 8/8
  5844 | D:6      | Found a runed door.
  5881 | D:6      | Found a runed door.
  6246 | D:7      | Noticed WildSam's ghost (novice DsMo)
  6248 | D:7      | Noticed a hippogriff
  6269 | D:7      | Killed WildSam's ghost
  6269 | D:7      | Reached * piety under Okawaru
  6275 | D:7      | Killed a hippogriff
  6275 | D:7      | Reached skill level 5 in Staves
  6275 | D:7      | Reached skill level 8 in Crossbows
  6437 | D:7      | Reached ** piety under Okawaru
  6437 | D:7      | Reached XP level 9. HP: 54/69 MP: 9/9
  6807 | D:7      | Found a hazy altar of Hepliaklqana.
  6844 | D:7      | Found a bloodstained altar of Trog.
  6937 | D:7      | Found a sacrificial altar of Ru.
  6938 | D:7      | Noticed Joseph
  6944 | D:7      | Paralysed by Joseph for 2 turns
  6957 | D:7      | Paralysed by Joseph for 5 turns
  6963 | D:7      | Killed Joseph
  6963 | D:7      | Reached skill level 9 in Crossbows
  7548 | D:8      | Noticed Psyche
  7555 | D:8      | Paralysed by Psyche for 7 turns
  7575 | D:8      | Killed Psyche
  7692 | D:8      | Noticed Pikel
  7733 | D:8      | Killed Pikel
  7733 | D:8      | Reached *** piety under Okawaru
  7733 | D:8      | Reached skill level 5 in Fighting
  7733 | D:8      | Reached skill level 10 in Crossbows
  8070 | D:8      | Reached XP level 10. HP: 29/79 MP: 10/10
  8085 | D:8      | Received a gift from Okawaru
  9111 | D:9      | Reached skill level 5 in Armour
  9197 | D:9      | Found an ornate altar of the Wu Jian Council.
  9214 | D:9      | Found a snail-covered altar of Cheibriados.
  9367 | D:9      | Found a radiant altar of Vehumet.
  9425 | D:9      | Noticed a death yak
  9446 | D:9      | Killed a death yak
  9446 | D:9      | Reached **** piety under Okawaru
  9446 | D:9      | Reached skill level 1 in Invocations
  9449 | D:9      | Found a staircase to the Lair.
  9453 | D:9      | Noticed a death yak
  9453 | D:9      | Noticed a death yak
  9479 | D:9      | Received a gift from Okawaru
  9479 | D:9      | Reached skill level 11 in Crossbows
  9488 | D:9      | Killed a death yak
  9488 | D:9      | Received a gift from Okawaru
  9488 | D:9      | Received a gift from Okawaru
  9490 | D:9      | Killed a death yak
  9737 | D:9      | Gained mutation: You have a pair of large antennae on your head. (SInv) [demonic ancestry]
  9737 | D:9      | Reached XP level 11. HP: 43/89 MP: 12/14
  9932 | D:9      | Got a transparent plate armour
  9943 | D:9      | Reached ***** piety under Okawaru
 10186 | D:9      | Identified the +5 plate armour of Rationality {rCorr Str+2 Int+6 Dex+3} (You found it on level 9 of the Dungeon)
 10425 | D:10     | Entered Level 10 of the Dungeon
 10522 | D:10     | Received a gift from Okawaru
 11086 | D:11     | Noticed a four-headed hydra
 11103 | D:11     | Killed a four-headed hydra
 11103 | D:11     | Reached skill level 5 in Invocations
 11858 | D:11     | Received a gift from Okawaru
 11864 | D:11     | Reached skill level 12 in Crossbows
 11984 | D:11     | Noticed Maurice
 11992 | D:11     | Killed Maurice
 12207 | D:11     | Noticed a brown ugly thing
 12226 | D:11     | Killed a brown ugly thing
 12226 | D:11     | Received a gift from Okawaru
 12836 | D:4      | Bought a +5 hand crossbow of velocity for 450 gold pieces
 13246 | D:11     | Noticed a centaur warrior
 13259 | D:11     | Killed a centaur warrior
 13260 | D:11     | Received a gift from Okawaru
 13728 | D:12     | Noticed a brown ugly thing
 13747 | D:12     | Killed a brown ugly thing
 14107 | D:12     | Noticed Sonja
 14121 | D:12     | Reached XP level 12. HP: 100/100 MP: 17/17
 14269 | D:12     | Killed Sonja
 14881 | D:12     | Received a gift from Okawaru
 15166 | D:12     | Reached skill level 13 in Crossbows
 15697 | D:12     | Found a staircase to the Orcish Mines.
 15785 | D:12     | Noticed a two-headed ogre
 15791 | D:12     | Killed a two-headed ogre
 16046 | D:12     | Noticed a four-headed hydra
 16052 | D:12     | Killed a four-headed hydra
 16052 | D:12     | Received a gift from Okawaru
 16194 | Orc:1    | Entered Level 1 of the Orcish Mines
 16254 | Orc:1    | Reached ****** piety under Okawaru
 16286 | Orc:1    | Noticed Snorg
 16305 | Orc:1    | Slain by Snorg

Vault maps used:
D:1:      lemuel_arrival_muddy, ashenzari_altar_1
D:2:      serial_forest, infiniplex_forest_straight_3,
          infiniplex_forest_clump_large, infiniplex_forest_end_1,
          infiniplex_forest_straight_4, infiniplex_forest_lined_room_3,
          infiniplex_forest_lined_corner, infiniplex_forest_join, first_bread,
          uniq_crazy_yiuf_cottage
D:3:      led_xom_imps, overflow_temple_1_default, minmay_close_crescents,
          uniq_robin
D:4:      kennysheep_little_box, serial_shops, shop
D:5:      lemuel_upstairs_altar, minivault_5
D:6:      lemuel_insect_pit, minmay_temple_entry_statues
D:7:      nicolae_ru_sacrificial_ziggurat, marbit_many_paths,
          lightli_temple_of_fire, uniq_joseph
D:8:      uniq_psyche, uniq_pikel
D:9:      slow_altar_2, kennysheep_mini_moat, vehumet_altar_wand_db,
          dpeg_lair_monsters
D:11:     hangedman_little_slice_of_home, kennysheep_generic_room_13,
          uniq_maurice
D:12:     orc_0_dummy, uniq_sonja
Temple:   nicolae_temple_x_marks_the_god
Orc:1:    mines2_lemuel, uniq_fannar, uniq_snorg

Skill      XL: |  1  2  3  4  5  6  7  8  9 10 11 12 |
---------------+-------------------------------------+-----
Crossbows      | 4 5 6 7 8 10 11 12 13 | 13.3
Armour         | 1 2 3 4 5 7 |  7.9
Dodging        | 2 3 |  3.6
Staves         | 2 4 5 |  5.2
Fighting       | 4 5 7 8 9 |  9.5
Invocations    | 4 6 8 |  8.3
Stealth        | |  0.8

Action                   |  1- 3 |  4- 6 |  7- 9 | 10-12 || total
-------------------------+-------+-------+-------+-------++-------
Melee: Quarterstaff      |       |    71 |   131 |   134 ||   336
 Fire: Hand crossbow     |   102 |   103 |   217 |   815 ||  1237
Invok: Heroism           |       |       |       |     5 ||     5
  Use: Scroll            |       |    11 |     6 |    12 ||    29
       Potion            |       |     7 |     1 |     7 ||    15
 Stab: Paralysed         |       |     1 |       |     8 ||     9
       Sleeping          |       |     1 |       |       ||     1
       Petrified         |       |       |     1 |       ||     1
       Invisible         |       |       |     1 |       ||     1
  Eat: Chunk             |     1 |     5 |    10 |    13 ||    29
       Bread ration      |       |     1 |       |     2 ||     3
       Royal jelly       |       |       |       |     2 ||     2
Armor: Leather armour    |    15 |    39 |    19 |       ||    73
       Scale mail        |       |       |    93 |       ||    93
       Chain mail        |       |       |    72 |   152 ||   224
       Plate armour      |       |       |       |   328 ||   328
Dodge: Dodged            |    19 |    78 |   126 |   256 ||   479
